 Dungeon Crawl Stone Soup version 0.23.2-40-g277498a001 (webtiles) character file.

Game seed: 10068519319096893553

329 Descartes the Skirmisher (level 6, -2/49 HPs)
             Began as a Formicid Abyssal Knight on Oct 12, 2019.
             Was a Priest of Lugonu.
             Succumbed to a worker ant's poison
             ... on level 4 of the Dungeon.
             The game lasted 00:07:39 (3496 turns).

Descartes the Skirmisher (Formicid Abyssal Knight)  Turns: 3496, Time: 00:07:40

Health: -2/49      AC:  5    Str: 16    XL:     6   Next: 80%
Magic:  9/9        EV: 12    Int: 14    God:    Lugonu [***...]
Gold:   100        SH:  0    Dex: 10    Spells: 9/9 levels left

rFire    . . .     SeeInvis +   a - +1 hand axe
rCold    . . .     Gourm    .   (no shield)
rNeg     . . .     Faith    .   d - +0 steam dragon scales
rPois    .         Spirit   .   (helmet unavailable)
rElec    .         Reflect  .   (no cloak)
rCorr    .         Harm     .   (no gloves)
MR       .....                  (no boots)
Stlth    +.........             (no amulet)
HPRegen  0.16/turn              (no ring)
MPRegen  0.11/turn              (no ring)

@: lethally poisoned (-2 -> -37)
A: permanent stasis, dig shafts and tunnels, four strong arms, antennae 3
a: Dig, Shaft Self, Depart the Abyss, Bend Space, Banish, Renounce Religion


You were on level 4 of the Dungeon.
You worshipped Lugonu.
Lugonu was most pleased with you.
You were hungry.

You visited 1 branch of the dungeon, and saw 5 of its levels.
You visited the Abyss 1 time.

You collected 100 gold pieces.

Inventory:

Hand Weapons
 a - a +1 hand axe (weapon)
 o - a +0 hunting sling
Missiles
 i - 23 arrows
 l - 53 stones (quivered)
 s - 11 poisoned needles
Armour
 b - a +0 leather armour
 d - +0 steam dragon scales (worn)
Scrolls
 f - a scroll of fog {unknown}
 g - 3 scrolls of identify {unknown}
 j - a scroll of blinking {unknown}
 k - a scroll of immolation {unknown}
 m - a scroll of enchant weapon {unknown}
 n - a scroll of fear {unknown}
 r - a scroll of amnesia {unknown}
Potions
 e - a potion of flight
Comestibles
 c - 10 rations
 h - 3 chunks of flesh


   Skills:
 + Level 4.6 Fighting
 + Level 3.4 Axes
 - Level 2.1 Armour
 + Level 2.4 Dodging
 + Level 2.3 Spellcasting
 + Level 4.1 Invocations


You had 9 spell levels left.
You didn't know any spells.
Your spell library was empty.

Dungeon Overview and Level Annotations

Branches:
Dungeon (5/15)
 Temple: D:4-7

Altars:
Makhleb
Sif Muna

Annotations:
D:3 Terence


Innate Abilities, Weirdness & Mutations

You cannot be hasted, slowed, berserked, paralysed or teleported.
You can dig through walls and to a lower floor.
Your four strong arms can wield two-handed weapons with a shield.
You have a pair of large antennae on your head. (SInv)


Message History

You closely miss the worker ant.
The worker ant is lightly wounded.
You feel sick. The worker ant bites you.
You are more poisoned.
The worker ant poisons you!
You hit the worker ant but do no damage.
The worker ant is lightly wounded.
You feel very sick. The worker ant bites you.
* * * LOW HITPOINT WARNING * * *
You are more poisoned.
The worker ant poisons you!
Some of the chunks of flesh in your inventory have rotted away.
* * * LOW HITPOINT WARNING * * *
You feel very sick. The worker ant bites you.
* * * LOW HITPOINT WARNING * * *
* * * LOW HITPOINT WARNING * * *
You feel very sick.
You die...

#.# #.########.# #.#
#.##..........
###.#########.##.######..##
.......).)................
....###########..######..# .....#
#.......# #..### #
....######.####..# #..#...#..#
..............#..######..#.#.#..#
................@.arO....#.#.#..#
######.#...##.#..#######.#.#.....
.......##..##.#..# #..O.....#
######.##..##.#..# #######.......
## #######.##.#..# ....a........#
8###8#####'##.#..##...###.......#
..8...8##...#.#..##...# #.......#
.......##...#.#..##...# #......##
.......>#...#.#..##...# #.....<#


You could see an ogre, a worker ant and a quokka.

Vanquished Creatures
  A scorpion (D:4)
  A bullfrog zombie (D:3)
  2 orc wizards
  Natasha (thrice) (D:2)
  4 adders
  2 worms (D:2)
  A dart slug (D:3)
  6 orcs
  A ball python (D:2)
  6 bats
  2 giant cockroaches
  5 goblins
  5 hobgoblins
  6 jackals
  8 kobolds
  A quokka (D:2)
  14 frilled lizards
  5 rats
73 creatures vanquished.

Vanquished Creatures (others)
  An orc wizard (D:5)
1 creature vanquished.

Grand Total: 74 creatures vanquished

Notes
Turn   | Place    | Note
-------+----------+-------------------------------------------
     0 | Abyss:1  | Descartes the Formicid Abyssal Knight began the quest for
                  | the Orb.
     0 | Abyss:1  | Reached XP level 1. HP: 18/18 MP: 2/2
    79 | D:1      | Escaped the Abyss
   274 | D:1      | Reached skill level 1 in Dodging
   274 | D:1      | Reached XP level 2. HP: 23/24 MP: 3/3
   401 | D:1      | Reached ** piety under Lugonu
   479 | D:1      | Reached XP level 3. HP: 26/29 MP: 4/4
   607 | D:2      | Noticed Natasha
   611 | D:2      | Killed Natasha
   611 | D:2      | Reached skill level 1 in Spellcasting
   614 | D:2      | Found a burning altar of Makhleb.
   635 | D:2      | Noticed a cacodemon
   639 | D:2      | Noticed a smoke demon
   639 | D:2      | Noticed a hellwing
   660 | D:2      | Reached XP level 4. HP: 37/37 MP: 6/6
   872 | D:2      | Noticed Natasha
   911 | D:2      | Killed Natasha
   919 | D:2      | Noticed Natasha
  1118 | D:2      | Killed Natasha
  1118 | D:2      | Reached XP level 5. HP: 29/42 MP: 7/7
  2383 | D:3      | Reached XP level 6. HP: 47/48 MP: 8/8
  2412 | D:3      | Reached *** piety under Lugonu
  2421 | D:3      | Noticed Terence
  2715 | D:3      | You fall through a shaft for 2 floors!
  2715 | D:5      | Entered Level 5 of the Dungeon
  2873 | D:4      | Noticed an ogre
  2921 | D:4      | Found a deep blue altar of Sif Muna.
  3495 | D:4      | HP: 1/49 [poisoned by a worker ant]
  3496 | D:4      | Succumbed to a worker ant's poison

Skill      XL: |  1  2  3  4  5  6 |
---------------+-------------------+-----
Dodging        | 1 2 |  2.4
Spellcasting   | 1 2 |  2.3
Invocations    | 3 4 |  4.1
Fighting       | 4 |  4.6
Axes           | 3 |  3.4
Armour         | |  2.1

Action                   |  1- 3 |  4- 6 || total
-------------------------+-------+-------++-------
Melee: Hand axe          |    38 |   219 ||   257
       Unarmed           |       |     7 ||     7
Invok: Bend Space        |       |     1 ||     1
 Abil: Dig               |       |     1 ||     1
  Use: Potion            |       |     3 ||     3
 Stab: Sleeping          |     1 |       ||     1
  Eat: Chunk             |       |     8 ||     8
Armor: Steam dragon scal |    15 |    70 ||    85
       Skin              |       |     2 ||     2
Dodge: Dodged            |    25 |   151 ||   176
